 Dungeon Crawl Stone Soup version 0.28-a0-6-g334057b (webtiles) character file.

Game seed: 13409406270688822555

141 Illumine the Skirmisher (level 5, -1/33 HPs)
             Began as a Gargoyle Fighter on July 22, 2021.
             Was an Initiate of Okawaru.
             Slain by a water moccasin (5 damage)
             ... on level 3 of the Dungeon.
             The game lasted 00:03:37 (2587 turns).

Illumine the Skirmisher (Gargoyle Fighter)          Turns: 2587, Time: 00:03:37

Health: -1/33      AC: 10    Str: 20    XL:     5   Next: 24%
Magic:  5/5        EV:  7    Int: 15    God:    Okawaru [......]
Gold:   137        SH:  9    Dex:  9    Spells: 4/4 levels left

rFire   . . .      SeeInvis .   a - +0 flail
rCold   . . .      Faith    .   c - +0 kite shield
rNeg    + . .      Spirit   .   h - +0 scale mail
rPois   ∞          Reflect  .   (no helmet)
rElec   +          Harm     .   (no cloak)
rCorr   .          Rampage  .   (no gloves)
Will    .....                   (no boots)
Stlth   ..........              (no amulet)
HPRegen 0.11/turn               m - +6 ring of intelligence
MPRegen 0.09/turn               (no ring)

@: mighty
A: sickness immunity, AC +4, negative energy resistance 1, electricity
resistance, torment resistance 1, petrification resistance
a: Renounce Religion


You were on level 3 of the Dungeon.
You worshipped Okawaru.
Okawaru was noncommittal.
You visited 1 branch of the dungeon, and saw 3 of its levels.

You collected 137 gold pieces.

Inventory:

Hand Weapons
 a - a +0 flail (weapon)
 b - a +0 hunting sling
Missiles
 l - 54 stones (quivered)
Armour
 c - a +0 kite shield (worn)
 h - a +0 scale mail (worn)
Jewellery
 m - a +6 ring of intelligence (left hand)
Scrolls
 e - 2 scrolls of identify {unknown}
 i - a scroll of immolation {unknown}
 j - a scroll of enchant armour {unknown}
Potions
 f - a potion of lignification {unknown}
 g - 2 potions of curing {unknown}
 k - a potion of berserk rage {unknown}
 n - a potion of haste {unknown}


   Skills:
 + Level 4.2 Fighting
 * Level 4.0 Maces & Flails
 - Level 3.2 Armour
 + Level 4.1 Shields
 + Level 0.1 Invocations


You had 4 spell levels left.
You didn't know any spells.
Your spell library contained the following spells:

 Spells                   Type           Power      Damage    Failure   Level
 Ensorcelled Hibernation  Hex/Ice        0%         N/A       99%         2
 Spider Form              Tmut/Pois      0%         N/A       100%        3
 Shadow Creatures         Summ           N/A        N/A       100%        6


Dungeon Overview and Level Annotations

Branches:
Dungeon (3/15)

Altars:
Dithmenos
Gozag
Kikubaaqudgha
Nemelex Xobeh
Okawaru
Ru
Xom
Yredelemnul

Shops:
D:3 [


Innate Abilities, Weirdness & Mutations

You are immune to sickness and miasma.
Your stone body is resilient. (AC +4)
You are immune to poison.
You resist negative energy. (rN+)
You are resistant to electric shocks. (rElec)
You are resistant to unholy torment.
You are immune to petrification.


Message History

You kill the bat!
Okawaru accepts your kill.
The water moccasin bites you but does no damage.
You closely miss the water moccasin. You block the water moccasin's attack.
The water moccasin bites you.
You sock the water moccasin!
The water moccasin is moderately wounded.
The water moccasin bites you. You block the water moccasin's attack.
You miss the water moccasin.
The water moccasin is moderately wounded.
The water moccasin bites you! The water moccasin bites you.
You miss the water moccasin.
The water moccasin is moderately wounded.
You block the water moccasin's attack.
The water moccasin bites you but does no damage.
You closely miss the water moccasin.
The water moccasin is moderately wounded.
The water moccasin bites you. x2
* * * LOW HITPOINT WARNING * * *
Okay, then.
You feel very mighty all of a sudden. You block the water moccasin's attack.
The water moccasin bites you but does no damage.
You closely miss the water moccasin.
The water moccasin is moderately wounded.
The water moccasin bites you but does no damage.
You block the water moccasin's attack.
You miss the water moccasin.
The water moccasin is moderately wounded.
The water moccasin bites you but does no damage.
The water moccasin bites you.
* * * LOW HITPOINT WARNING * * *
You barely miss the water moccasin.
The water moccasin is moderately wounded.
You block the water moccasin's attack.
The water moccasin bites you but does no damage.
You barely miss the water moccasin.
The water moccasin is moderately wounded.
The water moccasin bites you.
You die...

#...._##.#............
###..####.#...#........
#....._##...#..........
###..###....#.∩.#<..>.. #_...._#
#.<.....#####
######8..8####.#..#......#
#...........(..........#.#
#......##..###÷#.#.###.#.#
#.#........#.@.....# #.#.#
#.#.##.#...#S#.........#.#
#...##.#...#.###.#######.# ### ##
#.#........#.# #.# #.....###..
.###.#.##.....#.###.###.......)..
.....#.####.#.#.#.....#..........
####........#.#.......#..........
.....######## #...#.....#########
###### #.#.#.############


You could see a water moccasin.

Vanquished Creatures
  4 adders
  3 gnolls
  6 worms (D:2)
  2 dart slugs (D:2)
  An orc (D:3)
  9 ball pythons
  5 bats
  An endoplasm (D:3)
  3 giant cockroaches
  4 hobgoblins
  A jackal (D:3)
  6 kobolds
  2 quokkas (D:2)
  2 frilled lizards
  5 goblins
  4 rats
58 creatures vanquished.

Notes
Turn   | Place    | Note
-------+----------+-------------------------------------------
     0 | D:1      | Illumine the Gargoyle Fighter began the quest for the Orb.
     0 | D:1      | Reached XP level 1. HP: 14/14 MP: 1/1
    42 | D:1      | Found a faded altar of an unknown god.
   303 | D:1      | Reached XP level 2. HP: 19/19 MP: 2/2
   963 | D:2      | Found a basalt altar of Yredelemnul.
   992 | D:2      | Reached XP level 3. HP: 21/23 MP: 3/3
  1352 | D:2      | Reached XP level 4. HP: 29/29 MP: 4/4
  2259 | D:3      | Found an ancient bone altar of Kikubaaqudgha.
  2263 | D:3      | Found a sacrificial altar of Ru.
  2267 | D:3      | Found an iron altar of Okawaru.
  2268 | D:3      | Found a shimmering altar of Xom.
  2268 | D:3      | Found a sparkling altar of Nemelex Xobeh.
  2269 | D:3      | Found an opulent altar of Gozag.
  2271 | D:3      | Found a shadowy altar of Dithmenos.
  2287 | D:3      | Found Puth's Antique Armour Shoppe.
  2300 | D:3      | Became a worshipper of Warmaster Okawaru
  2383 | D:3      | Reached XP level 5. HP: 33/33 MP: 5/5
  2569 | D:3      | Noticed a water moccasin
  2587 | D:3      | Slain by a water moccasin

Illustrated notes

Levels and vault maps discovered:
D:1:      minmay_arrival_hallway, layout_loops_ring, basic_ecumenical_altar,
          moated_statue
D:2:      layout_basic, basic_altar, minmay_pentomino_v4
D:3:      minmay_chambers_of_twos, layout_basic, minitemple, serial_shops,
          nicolae_shop_stone, ebering_dispersal_statue_hall,
          kennysheep_generic_room_7

Skill      XL: |  1  2  3  4  5 |
---------------+----------------+-----
Maces & Flails | 3 4 |  4.0
Fighting       | 4 |  4.2
Shields        | 4 |  4.1
Armour         | |  3.2
Invocations    | |  0.1

Action                   |  1- 3 |  4- 6 || total
-------------------------+-------+-------++-------
Melee: Flail             |    90 |   127 ||   217
  Use: Potion            |       |     1 ||     1
Armor: Scale mail        |    46 |    73 ||   119
Dodge: Dodged            |    27 |    22 ||    49
Block: Kite shield       |    59 |    60 ||   119

Table legend: (Time is in decaauts)
 A = Elapsed time spent in this place.
 B = Non-inter-level travel time spent in this place.
 C = Inter-level travel time spent in this place.
 D = Time resting spent in this place.
 E = Time spent auto-exploring this place.
 F = Levels seen in this place.
 G = Mean time per level.
                   A        B        C        D        E       F      G
               +--------+--------+--------+--------+--------+-----+--------+
         Total |   2687 |   2630 |     57 |    580 |   1428 |   3 |  895.7 |
       Dungeon |   2687 |   2630 |     57 |    580 |   1428 |   3 |  895.7 |
               +--------+--------+--------+--------+--------+-----+--------+

Top non-repeatable levels by time:
     D:2: 1158 daAuts
     D:1: 1074 daAuts
     D:3: 453 daAuts
